Ulik, chaotic male elven Wizard --------- |........ |.......| |...f@.<. --------- Ulik the Thaumaturge Experience level: 7 Strength: 9 Dexterity: 17 Constitution: 15 Intelligence: 17 Wisdom: 12 Charisma: 9 Health: 0(38) Energy: 57(65) AC: 5 Gold: 809 Moves: 4231 Your Inventory: Coins $ - 809 gold pieces Weapons a - a blessed +1 quarterstaff (weapon in hands) Armor b - a blessed +0 cloak of magic resistance (being worn) r - an [uncursed] +0 leather armor (being worn) s - an [uncursed] +0 pair of high boots (being worn) Comestibles v - 2 [uncursed stale] eggs w - 2 [uncursed] fortune cookies y - an [uncursed] clove of garlic z - 2 [uncursed] tins [of gecko meat] B - an [uncursed] food ration H - an [uncursed] orange I - an [uncursed] pear J - an [uncursed] partly eaten food ration Scrolls i - 2 uncursed scrolls of taming j - an uncursed scroll of light u - a cursed scroll of enchant armor Spellbooks l - a blessed spellbook of force bolt m - an uncursed spellbook of wizard lock q - an [uncursed] spellbook of detect monsters named 1 time a 356 next 20356 Potions f - a blessed potion of object detection g - an uncursed potion of water h - an uncursed potion of fruit juice E - an uncursed potion of hallucination Rings d - an uncursed +1 ring of gain constitution (on right hand) e - an uncursed +1 ring of increase damage (on left hand) o - an [uncursed] brass ring [of cold resistance] C - an [uncursed] quartz ring [of poison resistance] Wands c - an uncursed wand of polymorph (0:6) Tools n - an uncursed wooden harp D - 8 [uncursed wax] candles G - an [uncursed] bell Spells known in the end: Name Level Category Fail Memory a - force bolt 1 attack 0% [|||||||.] b - wizard lock 2 matter 51% [|||||||.] c - detect monsters 1 divination 0% [|||||||.] Your skills at the end: Fighting Skills Weapon Skills quarterstaff [Basic / Expert] Spellcasting Skills attack spells [Basic / Expert] enchantment spells [Basic / Skilled] Final Attributes: You were piously aligned. Hunger level was 581. Your alignment was 30 / 31. Monster difficulty range was 1 - 7. Level difficulty was 7. You were immune to sleep. You were magic-protected. You saw invisible. You had infravision. You had a +1 damage bonus. Your luck was zero. You are dead. Vanquished creatures: a small mimic a dust vortex an imp a rock piercer a pony a kobold mummy a gray ooze 2 wax golems 2 little dogs 2 floating eyes a kitten a kobold shaman 3 rothes 2 rabid rats a centipede a monkey a dwarf zombie an iguana an acid blob a coyote a hobbit a giant rat a gnome 4 geckos 5 jackals 2 foxes 2 goblins 3 sewer rats 4 grid bugs 2 bats 3 lichens 3 kobold zombies 3 newts 60 creatures vanquished. Voluntary challenges: You were an atheist. You used a wielded weapon 48 times. You read items or engraved 11 times. You put on armor 6 times. You never genocided any monsters. You never polymorphed an object. You never changed form. You used no wishes. You wrote Elbereth's name 7 times. You never encountered a bones level. You never used any Sokoban shortcuts. Dungeon overview: The Dungeons of Doom: levels 1 to 7 Level 1 a fountain a long staircase Level 2 an armor shop, a fountain Level 3 a general store, some fountains Level 4 some fountains stairs to The Gnomish Mines Level 5 some fountains Level 7 <- You were here The Gnomish Mines: Level 5 stairs to The Dungeons of Doom History has recorded: On T:1 you entered the Dungeons of Doom to retrieve the Amulet of Yendor! On T:773 you advanced to experience level 2. On T:1251 you reached level 2 of The Dungeons of Doom. On T:1328 you advanced to experience level 3. On T:1774 you reached level 3 of The Dungeons of Doom. On T:1814 you advanced to experience level 4. On T:1996 you advanced to experience level 5. On T:2267 you reached level 4 of The Dungeons of Doom. On T:2417 you advanced to experience level 6. On T:2747 you reached level 5 of The Dungeons of Doom. On T:3206 you reached level 6 of The Dungeons of Doom. On T:3482 you advanced to experience level 7. On T:3779 you reached level 7 of The Dungeons of Doom. On T:4075 you reached level 1 of The Gnomish Mines. Latest messages: [HP-10=28] The spell misses the jaguar. The jaguar just misses! The jaguar hits! The jaguar bites! [HP-2=26] The spell hits the jaguar! The jaguar hits! (2x) The jaguar bites! The jaguar hits! (2x) The jaguar bites! [HP-15=11] That is a silly thing to zap. You hit the jaguar! The jaguar hits! (2x) The jaguar bites! You die... Final status: Goodbye Ulik the Wizard... You died in The Dungeons of Doom on dungeon level 7 with 3533 points, and 809 pieces of gold, after 4231 moves. You were level 7 with a maximum of 38 hit points when you died.